 Dungeon Crawl Stone Soup version 0.31-a0-210-gccc998df9b (webtiles) character file.

Game seed: 16750277083672350870

16 qw the Shooter (level 2, -2/16 HPs)
             Began as a Gargoyle Hexslinger on June 29, 2023.
             Frozen to death by an endoplasm (3 damage)
             ... on level 1 of the Dungeon.
             The game lasted 00:00:13 (756 turns).

qw the Shooter (Gargoyle Hexslinger)                 Turns: 756, Time: 00:00:13

Health: -2/16      AC:  4    Str: 11    XL:     2   Next: 58%
Magic:  3/3        EV: 12    Int: 13    God:
Gold:   24         SH:  0    Dex: 12    Spells: 2/3 levels left

rFire   . . .        Y - +1 sling
rCold   . . .        (no shield)
rNeg    + . .        c - +0 robe
rPois   inf          (no helmet)
rElec   +            (no cloak)
rCorr   .            (no gloves)
SInv    .            (no boots)
Will    .....        (no amulet)
Stlth   +            (no ring)
HPRegen 0.22/turn    (no ring)
MPRegen 0.08/turn

%: no passive effects
@: no status effects
A: sickness immunity, AC +2, negative energy resistance 1, electricity
resistance, torment resistance 1, petrification resistance
a: no special abilities


You were on level 1 of the Dungeon.
You visited 1 branch of the dungeon, and saw 2 of its levels.

You collected 24 gold pieces.


Innate Abilities, Weirdness & Mutations

You are immune to sickness and miasma.
Your stone body is resilient. (AC +2)
You are immune to poison.
You resist negative energy. (rN+)
You are resistant to electric shocks. (rElec)
You are resistant to unholy torment.
You are immune to petrification.


   Skills:
 + Level 1.3 Fighting
 - Level 3.0 Ranged Weapons
 - Level 1.5 Dodging
 - Level 1.0 Spellcasting
 - Level 2.6 Hexes


You had 2 spell levels left.
You knew the following spells:

 Your Spells              Type           Power      Damage    Failure   Level
a - Slow                  Hex            28%        N/A       10%         1

Your spell library contained the following spells:

 Spells                   Type           Power      Damage    Failure   Level
 Inner Flame              Hex/Fire       4%         N/A       43%         3
 Portal Projectile        Hex/Tloc       8%         N/A       43%         3
 Cause Fear               Hex            3%         N/A       67%         4

Inventory:

Hand Weapons
 Y - a +1 sling (weapon)
Armour
 c - a +0 robe (worn)
Scrolls
 a - a scroll of identify
Potions
 d - a potion of curing
 e - a potion of heal wounds {unknown}

Dungeon Overview and Level Annotations

Branches:
Dungeon (2/15)

Altars:


Message History

(D) Dungeon
Where to? (* - list waypoints, Enter - D:2, ? - help)
What level of the Dungeon? (default 1, ? - help)
You climb downwards.
The adder closely misses you. The adder barely misses you.
There is a stone staircase leading up here.
There are monsters nearby!
You shoot a sling bullet.
The sling bullet barely misses the adder.
The adder barely misses you.
The endoplasm hits you but does no damage.
The adder misses you.
You shoot a sling bullet. The sling bullet hits the adder.
The adder is moderately wounded.
The endoplasm freezes you.
You are frozen.
The adder bites you. The endoplasm completely misses you.
751 ||| STAIRDANCE The adder bites you but does no damage.
The endoplasm freezes you.
You are frozen.
You climb upwards.
There is a stone staircase leading down here.
You shoot a sling bullet. The sling bullet misses the adder.
The adder barely misses you. The adder bites you but does no damage.
The endoplasm freezes you.
You are frozen.
You shoot a sling bullet. The sling bullet hits the adder.
The adder is severely wounded.
The adder bites you but does no damage. The endoplasm closely misses you.
The adder misses you.
You shoot a sling bullet. The sling bullet hits the adder.
The adder is severely wounded.
The endoplasm freezes you.
You are frozen.
The adder bites you but does no damage.
You shoot a sling bullet.
The sling bullet hits the adder but does no damage.
The adder is severely wounded.
The adder closely misses you. The endoplasm freezes you.
You are frozen.
You die...

#.......#.# ##.....## ##.##.
####'###### ##...## #....
#..# ##'## #..## ##.# #.#
#.... #.# #####)# ##.## #.#
#.....## #.#
#.########.##...## #.#
#..........S.....# #.#
##########.#@....#########.#
#..%J.#...........#
#####.############# #.# #.#
####### #.# #?....# #.#
#.###.# #.# #.# #.# #.#


You could see an adder and an endoplasm.

Vanquished Creatures
  A bat (D:1)
  A giant cockroach (D:1)
  A goblin (D:1)
  A hobgoblin (D:1)
  5 kobolds (D:1)
  2 quokkas (D:1)
  A ball python (D:1)
  A frilled lizard (D:1)
  2 rats (D:1)
15 creatures vanquished.

Notes
Turn   | Place    | Note
-------+----------+-------------------------------------------
     0 | D:1      | qw the Gargoyle Hexslinger began the quest for the Orb.
     0 | D:1      | Reached XP level 1. HP: 12/12 MP: 2/2
     0 | D:1      | 0 ||| qw: Version: 0.3-a-24-ga2abf7b
     0 | D:1      | 0 ||| qw: Game counter: 6852
     0 | D:1      | 0 ||| qw: Melee chars always use a shield: true
     0 | D:1      | 0 ||| qw: God list: Okawaru
     0 | D:1      | 0 ||| qw: Allow faded altars: false
     0 | D:1      | 0 ||| qw: Do Orc after clearing Dungeon:15 true
     0 | D:1      | 0 ||| qw: Do second Lair branch before Depths: true
     0 | D:1      | 0 ||| qw: Lair rune preference: random
     0 | D:1      | 0 ||| qw: Goals: Normal
     0 | D:1      | 0 ||| PLANNING D:1-11
   228 | D:1      | Found a faded altar of an unknown god.
   276 | D:1      | Reached XP level 2. HP: 16/16 MP: 3/3
   563 | D:1      | Reached skill level 3 in Ranged Weapons
   706 | D:1      | 706 ||| READING 2 scrolls labelled HICZUSE QOINN.
   707 | D:1      | 707 ||| DRINKING 2 white potions.
   708 | D:1      | 708 ||| DROPPING scroll of poison.
   741 | D:2      | 741 ||| STAIRDANCE
   751 | D:2      | 751 ||| STAIRDANCE
   755 | D:1      | HP: 1/16 [frozen (5)]
   756 | D:1      | Frozen to death by an endoplasm

Levels and vault maps discovered:
D:1:      doesnt_arrival_eight_statues, layout_loops_corners,
          shapermc_ecumenical_altar_mp_ritualfount
D:2:      layout_basic, hangedman_glass_teeth, minmay_randomly_rotated_circles,
          uniq_crazy_yiuf_cottage

Skill      XL: |  1  2 |
---------------+-------+-----
Ranged Weapons | 3 |  3.0
Fighting       | |  1.3
Dodging        | |  1.5
Spellcasting   | |  1.0
Hexes          | |  2.6

Action                     || total
---------------------------++-------
   Fire: Sling             ||    47
    Use: Scroll            ||     1
         Potion            ||     1
 Armour: Robe              ||    10
  Dodge: Dodged            ||    23

Table legend:
 A = Non-vault XP
 B = Vault XP
 C = Vault XP percentage of total XP
 D = Non-vault monster count
 E = Vault monster count
 F = Vault count percentage of total count
                 A         B        C        D         E       F
            +---------+---------+-------+---------+---------+-------
      Total |      24 |       0 |   0.0 |      15 |       0 |   0.0
            +---------+---------+-------+---------+---------+-------
        D:1 |      24 |       0 |   0.0 |      15 |       0 |   0.0
            +---------+---------+-------+---------+---------+-------
